 Dungeon Crawl Stone Soup version 0.19.0-11-g3fc08b3 (webtiles) character file.

19 thirtiethelement the Sneak (level 2, -1/31 HPs)
             Began as an Octopode Wanderer on Nov 10, 2016.
             Succumbed to a gnoll's poison
             ... on level 1 of the Dungeon.
             The game lasted 00:04:13 (479 turns).

thirtiethelement the Sneak (Octopode Wanderer)       Turns: 479, Time: 00:04:13

Health: -1/31      AC: 21    Str: 12    XL:     2   Next: 75%
Magic:  2/2        EV:  2    Int: 15    God:
Gold:   33         SH:  0    Dex:  9    Spells: 0 memorised, 1 level left

rFire  + . .     SeeInvis .     a - +2 spear
rCold  + . .     Gourm    .     (no shield)
rNeg   + + +     Faith    .     (helmet currently unavailable)
rPois  +         Spirit   .     (no amulet)
rElec  +         Reflect  .     (no ring)
rCorr  +         Harm     .     (no ring)
MR     .....     NoTele   +     (no ring)
Stlth  ++........               (no ring)
                                (no ring)
                                (no ring)
                                (no ring)
                                (no ring)

@: lethally poisoned (-1 -> -34), tree-form, resistant
A: almost no armour, stealthy swim, (amphibious), 8 rings, (constrict 8),
(camouflage 0), (gelatinous body 0)
a: no special abilities


You were on level 1 of the Dungeon.
You were not hungry.
You were a tree.
You visited 1 branch of the dungeon, and saw 1 of its levels.

You collected 33 gold pieces.

Inventory:

Hand Weapons
 a - a +2 spear (weapon)
 c - a +0 dagger
 e - a +0 dagger of venom
Armour
 h - a +0 shield
Potions
 b - a potion of lignification
 f - a potion of resistance
Comestibles
 d - a bread ration
 g - a beef jerky


   Skills:
 * Level 3.3 Fighting
 * Level 2.2 Polearms
 * Level 2.2 Dodging
 * Level 4.3 Stealth


You had one spell level left.
You didn't know any spells.

Dungeon Overview and Level Annotations

Branches:
Dungeon (1/15)

Altars:


Innate Abilities, Weirdness & Mutations

You cannot wear most types of armour.
You are very stealthy in the water. (Stealth+)
((You are amphibious.))
You can wear up to eight rings at the same time.
((You can use your tentacles to constrict eight enemies at once.))
((Your skin changes colour to match your surroundings (Stealth+).))
((Your rubbery body absorbs attacks. (AC +1, EV +1)))


Message History

Aim: a gnoll, wielding a spear of venom (lightly wounded)
You reach to attack!
You barely miss the gnoll.
The gnoll is lightly wounded.
* * * LOW HITPOINT WARNING * * *
You feel sick. The gnoll hits you but does no damage.
You are more poisoned.
Attack whom?
Press: ? - help, Dir - move target cursor, f/p - gnoll
Aim: a gnoll, wielding a spear of venom (lightly wounded)
You reach to attack!
You hit the gnoll.
The gnoll is moderately wounded.
* * * LOW HITPOINT WARNING * * *
You feel sick. The gnoll hits you but does no damage.
You are more poisoned.
Attack whom?
Press: ? - help, Dir - move target cursor, f/p - gnoll
Aim: a gnoll, wielding a spear of venom (moderately wounded)
You reach to attack!
You hit the gnoll but do no damage.
The gnoll is moderately wounded.
You die...

....#***,****,,****,,*,,*,,,,,**,
)#### *,# *).###*,,*,,***,,,*,*
..######.##**..#..,,,,,,* *,,,,*,
...........,,..#.#*,,#,,* *,,,,,*
..........#**#.#.#*,.#,.* **,,,,*
..........####.#.#*..#..* #.(....
...........,...#.##.....* #......
####.####.####.#.#......* #.(....
####.# #.......♣gg#**,.*##......
.....# #)#......>.# *...,.......
####.####.#.##.(.#.###..#**#.....
..........#.###..#......# #....#
####.######.# #..#...##.# #..†.#
#.# ##.###.........# #...#.
#.#####...##.##...##.# ##..#.#
#...............)...†###...##.
#.#####...##.#.....((.....#...


You could see a gnoll and a goblin.

Vanquished Creatures
  A dart slug (D:1)
  2 leopard geckos (D:1)
  A giant cockroach (D:1)
  2 goblins (D:1)
  A hobgoblin (D:1)
  A bat (D:1)
  2 frilled lizards (D:1)
  2 kobolds (D:1)
  5 rats (D:1)
17 creatures vanquished.

Notes
Turn   | Place    | Note
-------+----------+-------------------------------------------
     0 | D:1      | thirtiethelement the Octopode Wanderer began the quest for the Orb.
     0 | D:1      | thirtiethelement set off with: a +2 spear, 2 potions of lignification, a +0 dagger, a bread ration
     0 | D:1      | Reached XP level 1. HP: 16/16 MP: 1/1
   103 | D:1      | Reached XP level 2. HP: 17/21 MP: 2/2
   479 | D:1      | Succumbed to a gnoll's poison

Action                   || total
-------------------------++-------
Melee: Spear             ||    42
       Constrict         ||     6
       Tentacles         ||     1
  Use: Scroll            ||     5
       Potion            ||     2
 Stab: Sleeping          ||     5
Armor: Skin              ||     7
Dodge: Dodged            ||    13
